 Dungeon Crawl Stone Soup version 0.31-a0-963-ga325b2283a (webtiles) character file.

Game seed: 14378937492894844210

85 IdlyInterested the Changeling (level 4, -14/48 HPs)
             Began as a Demonspawn Shapeshifter on Oct 24, 2023.
             Blown up by Ijyb (16 damage)
             ... with a mindburst bolt
             ... on level 3 of the Dungeon on Oct 25, 2023.
             The game lasted 00:08:07 (2681 turns).

IdlyInterested the Changeling (DsSh)                Turns: 2681, Time: 00:08:08

Health: -14/48     AC: 22    Str: 14    XL:     4   Next: 25%
Magic:  4/4        EV:  2    Int: 12    God:
Gold:   147        SH:  0    Dex: 14    Spells: 3/3 levels left

rFire   . .          .
                       - Unarmed
rCold   . . .        (no shield)
rNeg    . . .        v - melded +0 chain mail
rPois   +            (helmet currently unavailable)
rElec   .            (cloak currently unavailable)
rCorr   .            (gloves currently unavailable)
SInv    +            (boots currently unavailable)
Will    .....        (no amulet)
Stlth   ++           f - ring of see invisible
HPRegen 0.28/turn    (no ring)
MPRegen 0.09/turn

%: no passive effects
@: tree-form, hasted, very quick
A: stationary, stasis, torment immunity, boosted hp, (spiny 1), (weakness
stinger 1)
a: no special abilities


You were on level 3 of the Dungeon.
You were a tree.
You visited 1 branch of the dungeon, and saw 3 of its levels.

You collected 147 gold pieces.

Inventory:

Hand Weapons
 g - a +0 hand axe
 l - a +3 dagger
 s - a +0 trident
 x - a +0 whip
Missiles
 j - 29 stones (quivered)
Armour
 a - a +0 animal skin
 i - a +0 leather armour
 n - a +0 ring mail
 o - a +0 helmet
 v - a +0 chain mail (melded)
Jewellery
 f - a ring of see invisible (left branch)
Talismans
 c - a beast talisman
 d - a flux talisman
Wands
 w - a wand of light (10)
Scrolls
 e - a scroll of enchant weapon {unknown}
 k - a scroll of teleportation {unknown}
 m - a scroll of noise {unknown}
 q - 2 scrolls of vulnerability {unknown}
 r - a scroll of identify {unknown}
 t - 3 scrolls of blinking {unknown}
Potions
 h - a potion of ambrosia {unknown}
 p - a potion of brilliance {unknown}
 u - a potion of haste


   Skills:
 - Level 1.0 Fighting
 - Level 1.0 Throwing
 - Level 1.0 Armour
 - Level 2.0 Dodging
 - Level 1.0 Stealth
 + Level 3.2 Unarmed Combat
 + Level 0.1 Evocations
 * Level 3.3 Shapeshifting


You had 3 spell levels left.
You didn't know any spells.
Your spell library contained the following spells:

 Spells                   Type           Power      Damage    Failure   Level
 Necrotise                Necr           0%         1d4       32%         1
 Summon Guardian Golem    Hex/Summ       0%         N/A       69%         3
 Vampiric Draining        Necr           0%         2d6       69%         3
 Agony                    Necr           0%         N/A       100%        5
 Orb of Destruction       Conj           0%         9d5       100%        7
 Spellforged Servitor     Conj/Summ      0%         N/A       100%        7


Dungeon Overview and Level Annotations

Branches:
Dungeon (3/15)

Altars:

Annotations:
D:3 Ijyb, Robin


Innate Abilities, Weirdness & Mutations

You are a tree.
Your roots penetrate the ground, keeping you stationary.
You cannot be teleported.
You are immune to unholy pain and torment.
Your maximum health is greatly increased.
Your equipment is partially melded.
((You are partially covered in sharp spines.))
((You have a small tail.))


Message History

The goblin misses you.
You hit Ijyb but do no damage.
Ijyb screams, "No!
No, no, no, no!"
Ijyb hits you with a +0 dagger.
Robin roars a battlecry!
The goblins go into a battle-frenzy!
The goblin is struck by your spines. The goblin hits you but does no damage.
You hit Ijyb.
Ijyb is moderately wounded.
The hobgoblin is struck by your spines.
You kill the hobgoblin!
Ijyb hits you with a +0 dagger.
You hit Ijyb.
Ijyb is moderately wounded.
The goblin barely misses you. Ijyb is struck by your spines.
Ijyb hits you with a +0 dagger.
You hit Ijyb but do no damage.
Ijyb is moderately wounded.
The goblin hits you but does no damage. Robin throws Ijyb at you!
Ijyb hits you with a +0 dagger!
You hit Ijyb but do no damage.
Ijyb is moderately wounded.
The goblin is struck by your spines.
You kill the goblin!
Ijyb hits you with a +0 dagger.
You barely miss Robin. Robin hits you but does no damage.
Ijyb is struck by your spines. Ijyb barely misses you.
You completely miss Robin. Robin hits you but does no damage.
Ijyb zaps a wand.
Your mind is blasted!
* * * LOW HITPOINT WARNING * * *
Unknown command.
It was a potion of haste.
You feel yourself speed up. Robin throws Ijyb at you!
Ijyb hits you with a +0 dagger.
* * * LOW HITPOINT WARNING * * *
Your transformation has ended.
You turn into a tree.
Your +0 chain mail melds into your body.
Your roots penetrate the ground.
Robin hits you but does no damage.
Ijyb zaps a wand.
Your mind is blasted!
You die...

.###...####.....................#
.# ###.......).....######.......#
.# #####.........# #.......# .#
##........# ####.#... .#
#####.#### #.#... .# #.# #.#...
.# #)## #.#... .####### #)g#
#.#... .......# ##♣#### #.#...
....[..# #.g..## #..... .......#
##r#..############ .......#
#..##..#.......... .......#
##'##......######## .......#
#.†.#..........### .......#
#...#.....####...# .......#
#...#.....# ###.# .......#
#####gg...# #.#


You could see Ijyb (strong), Robin and a rat.

Vanquished Creatures
  3 adders
  3 dart slugs
  7 bats
  3 endoplasms
  3 hobgoblins
  7 jackals
  3 quokkas
  4 ball pythons
  3 frilled lizards
  5 goblins
  4 kobolds
  4 rats
49 creatures vanquished.

Notes
Turn   | Place    | Note
-------+----------+-------------------------------------------
     0 | D:1      | IdlyInterested the Demonspawn Shapeshifter began the quest
                  | for the Orb.
     0 | D:1      | Reached XP level 1. HP: 15/15 MP: 1/1
    96 | D:1      | Reached skill level 1 in Armour
    96 | D:1      | Gained mutation: You are partially covered in sharp spines.
                  | [demonic ancestry]
    96 | D:1      | Reached XP level 2. HP: 21/21 MP: 2/2
   654 | D:1      | Reached skill level 1 in Stealth
   708 | D:1      | Found a faded altar of an unknown god.
  1030 | D:2      | Reached XP level 3. HP: 26/26 MP: 3/3
  1381 | D:2      | Reached skill level 1 in Throwing
  2389 | D:3      | Discovered your monstrous ancestry.
  2389 | D:3      | Gained mutation: You have a small tail. [demonic ancestry]
  2389 | D:3      | Reached XP level 4. HP: 30/32 MP: 4/4
  2650 | D:3      | Noticed Ijyb
  2651 | D:3      | Noticed Robin
  2680 | D:3      | HP: 1/32 [Ijyb/+0 dagger (3)]
  2681 | D:3      | Blown up by Ijyb

Illustrated notes

Levels and vault maps discovered:
D:1:      dpeg_arrival_line_fractal, layout_loops_corners,
          shapermc_ecumenical_altar_pompeii, minmay_misc_feat_tiny
D:2:      layout_loops_ring, minivault_23, chequers_serial_rivers_small_a,
          grunt_ministairs_2, minmay_misc_feat_ornament
D:3:      layout_basic, moated_statue, eino_tiny_chamber,
          minmay_stone_trees_medium, roderic_lattice_a, nicolae_goblin_pals

Skill      XL: |  1  2  3  4 |
---------------+-------------+-----
Armour         | 1 |  1.0
Unarmed Combat | 3 |  3.2
Stealth        | 1 |  1.0
Shapeshifting  | 3 |  3.3
Throwing       | 1 |  1.0
Dodging        | 2 |  2.0
Fighting       | |  1.0
Evocations     | |  0.1

Action                     |  1- 3 |  4- 6 || total
---------------------------+-------+-------++-------
  Melee: Unarmed           |    84 |    16 ||   100
         Punch             |     3 |       ||     3
         Tailslap          |       |     1 ||     1
  Throw: Stone             |       |     3 ||     3
    Use: Potion            |       |     2 ||     2
   Stab: Sleeping          |     2 |       ||     2
 Armour: Animal skin       |    20 |       ||    20
         Leather armour    |    10 |       ||    10
         Chain mail        |    13 |    17 ||    30
         Ring mail         |     5 |       ||     5
         Skin              |       |     1 ||     1
  Dodge: Dodged            |    42 |     7 ||    49

Table legend: (Time is in decaauts)
 A = Elapsed time spent in this place.
 B = Non-inter-level travel time spent in this place.
 C = Inter-level travel time spent in this place.
 D = Time resting spent in this place.
 E = Time spent auto-exploring this place.
 F = Levels seen in this place.
 G = Mean time per level.
                   A        B        C        D        E       F      G
               +--------+--------+--------+--------+--------+-----+--------+
         Total |   2678 |   2369 |    309 |     78 |   1797 |   3 |  892.7 |
       Dungeon |   2678 |   2369 |    309 |     78 |   1797 |   3 |  892.7 |
               +--------+--------+--------+--------+--------+-----+--------+

Top non-repeatable levels by time:
     D:1: 1124 daAuts
     D:2: 800 daAuts
     D:3: 753 daAuts
